 Dungeon Crawl Stone Soup version 0.23.2-40-g277498a001 (webtiles) character file.

Game seed: 9863009763674887309

151 Descartes the Skirmisher (level 5, 0/42 HPs)
             Began as a Demonspawn Abyssal Knight on Sept 25, 2019.
             Was a Believer of Lugonu.
             Slain by a gnoll (1 damage)
             ... on level 3 of the Dungeon.
             The game lasted 00:08:27 (3343 turns).

Descartes the Skirmisher (DsAK)                     Turns: 3343, Time: 00:08:27

Health: 0/42       AC:  9    Str: 14    XL:     5   Next: 11%
Magic:  7/7        EV:  6    Int: 13    God:    Lugonu [**....]
Gold:   80         SH:  0    Dex: 12    Spells: 4/4 levels left

rFire    . . .     SeeInvis .   s - +0 war axe
rCold    . . .     Gourm    .   (no shield)
rNeg     . . .     Faith    .   y - +0 chain mail
rPois    .         Spirit   .   z - +0 helmet
rElec    .         Reflect  .   (no cloak)
rCorr    .         Harm     .   (no gloves)
MR       .....                  (no boots)
Stlth    ..........             (no amulet)
HPRegen  0.14/turn              (no ring)
MPRegen  0.10/turn              (no ring)

@: no status effects
A: claws 1, powered by death 2
a: Depart the Abyss, Bend Space, Renounce Religion


You were on level 3 of the Dungeon.
You worshipped Lugonu.
Lugonu was pleased with you.
You were not hungry.

You visited 1 branch of the dungeon, and saw 4 of its levels.
You visited the Abyss 1 time.

You collected 80 gold pieces.

Inventory:

Hand Weapons
 a - a +1 hand axe
 r - a +0 blowgun
 s - a +0 war axe (weapon)
 A - a +0 hunting sling of flaming
Missiles
 j - 157 stones
 n - 28 poisoned needles
 q - 7 steel javelins (quivered)
 u - 21 arrows
 x - 22 sling bullets
Armour
 b - a +0 leather armour
 h - a +0 scale mail
 y - a +0 chain mail (worn)
 z - a +0 helmet (worn)
Scrolls
 d - 5 scrolls of teleportation
 g - a scroll of magic mapping {unknown}
 i - a scroll of fear
 k - a scroll of amnesia {unknown}
 m - 2 scrolls of blinking {unknown}
 o - 2 scrolls of remove curse {unknown}
 t - 4 scrolls of identify {unknown}
 w - a scroll of enchant armour {unknown}
Potions
 e - 6 potions of curing {unknown}
 f - a potion of agility {unknown}
 l - a potion of haste {unknown}
 p - 2 potions of lignification {unknown}
Comestibles
 c - 9 rations


   Skills:
 + Level 3.8 Fighting
 + Level 3.5 Axes
 + Level 2.3 Armour
 + Level 1.5 Dodging
 - Level 0.1 Stealth
 + Level 2.9 Invocations


You had 4 spell levels left.
You didn't know any spells.
Your spell library was empty.

Dungeon Overview and Level Annotations

Branches:
Dungeon (4/15)             Temple (0/1) D:4

Altars:
Elyvilon


Innate Abilities, Weirdness & Mutations

You have sharp fingernails.
You regenerate health from kills.


Message History

There is a stone staircase leading down here.
You hit the gnoll.
The gnoll is almost dead.
The gnoll hits you but does no damage.
Your chain mail prevents you from hitting the gnoll.
The gnoll is almost dead.
The gnoll hits you.
* * * LOW HITPOINT WARNING * * *
The gnoll hits you.
* * * LOW HITPOINT WARNING * * *
You closely miss the gnoll.
The gnoll is severely wounded.
The gnoll hits you but does no damage.
You hit the gnoll but do no damage.
The gnoll is severely wounded.
The gnoll hits you but does no damage.
You barely miss the gnoll.
The gnoll is severely wounded.
The gnoll hits you.
You die...

#....#bbP#.............#####.####
.....#..P#........(...## #.....
###..#..P#......<....###########.
#....#####..#.#####..###... #.
..#.........#.## ##.# P..P #.
............#..## #.###########.
#####..###.###..####..........##.
######......###..).######..##.###
...............g@..........##....
.........####..........###.####..
########.......####>##.##........
#######...................
#######...##........
###........... ####........
#........ #.......)


You could see a gnoll.

Vanquished Creatures
  A worker ant (D:4)
  A gnoll (D:4)
  3 adders
  An adder skeleton (D:4)
  3 dart slugs
  A worm (D:3)
  A leopard gecko (D:1)
  2 orcs
  4 giant cockroaches
  8 hobgoblins
  15 jackals
  9 kobolds
  A quokka (D:2)
  10 bats
  2 frilled lizards
  4 goblins
  7 rats
73 creatures vanquished.

Notes
Turn   | Place    | Note
-------+----------+-------------------------------------------
     0 | Abyss:1  | Descartes the Demonspawn Abyssal Knight began the quest for
                  | the Orb.
     0 | Abyss:1  | Reached XP level 1. HP: 18/18 MP: 2/2
    19 | Abyss:1  | Found a shimmering altar of Xom.
    55 | Abyss:1  | Noticed an iron imp
    79 | Abyss:1  | Noticed a large abomination
   133 | D:1      | Escaped the Abyss
   224 | D:1      | Reached * piety under Lugonu
   392 | D:1      | Gained mutation: You regenerate a little health from kills.
                  | [demonic ancestry]
   392 | D:1      | Reached XP level 2. HP: 19/24 MP: 3/3
   816 | D:1      | Gained mutation: You regenerate health from kills. [demonic
                  | ancestry]
   816 | D:1      | Reached XP level 3. HP: 27/29 MP: 5/5
   967 | D:1      | Reached skill level 1 in Dodging
  1051 | D:2      | Found a faded altar of an unknown god.
  1253 | D:2      | You fall through a shaft for 2 floors!
  1268 | D:4      | Reached XP level 4. HP: 15/36 MP: 6/6
  1666 | D:4      | Found a staircase to the Ecumenical Temple.
  1835 | D:3      | Reached ** piety under Lugonu
  2713 | D:2      | Found a white marble altar of Elyvilon.
  2728 | D:2      | Gained mutation: You have sharp fingernails. [demonic
                  | ancestry]
  2728 | D:2      | Reached XP level 5. HP: 38/42 MP: 7/7
  3340 | D:3      | HP: 1/42 [gnoll (4)]
  3343 | D:3      | Slain by a gnoll

Skill      XL: |  1  2  3  4 |
---------------+-------------+-----
Axes           | 2 3 |  3.5
Dodging        | 1 |  1.5
Armour         | 2 |  2.3
Fighting       | |  3.8
Stealth        | |  0.1
Invocations    | |  2.9

Action                   |  1- 3 |  4- 6 || total
-------------------------+-------+-------++-------
Melee: Hand axe          |   127 |   145 ||   272
       War axe           |       |    23 ||    23
Invok: Depart the Abyss  |     1 |       ||     1
  Use: Scroll            |     1 |     1 ||     2
  Eat: Chunk             |     1 |     7 ||     8
Armor: Leather armour    |    14 |       ||    14
       Scale mail        |    50 |    72 ||   122
       Chain mail        |       |    17 ||    17
Dodge: Dodged            |    77 |    99 ||   176
